[Event "XI Paracin Festival 2018"]
[Site "Paracin"]
[Date "2018.07.10"]
[Round "5"]
[White "Raja Rithvik R"]
[Black "Fernandez, Daniel Howard"]
[Result "1-0"]
[ECO "A04"]
[WhiteElo "2343"]
[BlackElo "2477"]
[Annotator "ChessBase"]
[PlyCount "75"]
[EventDate "2018.07.06"]
[EventType "swiss"]
[EventCountry "SRB"]
[SourceTitle "playchess.com"]
[Source "ChessBase"]
[SourceQuality "1"]
[TimeControl "5400+30"]

1. Nf3 g6 2. d4 Bg7 3. g3 d6 4. c4 e5 5. Nc3 f5 6. dxe5 dxe5 7. Qxd8+ Kxd8 8. Bg5+ Ke8 9. O-O-O Na6 10. h4 Be6 11. e4 h6 12. Be3 Ne7 13. Nd5 Rd8 14. Bh3 Rf8 15. b3 b6 16. h5 Bxd5 17. exd5 g5 18. Bg2 f4 19. gxf4 gxf4 20. Bd2 e4 21. Nh4 Nc5 22. Bb4 f3 23. Bh3 Rf4 24. Be6 Nxe6 25. Bxe7 Kxe7 26. Ng6+ Ke8 27. dxe6 Rxd1+ 28. Rxd1 Rf6 29. e7 Rd6 30. Re1 Bd4 31. Rxe4 Bxf2 32. Re5 Bc5 33. Rf5 Re6 34. Rf8+ Kd7 35. Rd8+ Kc6 36. e8=Q+ Rxe8 37. Rxe8 f2 38. Re6+ 1-0

[Event "XI Paracin Festival 2018"]
[Site "Paracin"]
[Date "2018.07.10"]
[Round "5"]
[White "Marjanovic, Annamaria"]
[Black "Mehmed, Elif"]
[Result "1-0"]
[ECO "E46"]
[WhiteElo "2325"]
[BlackElo "1973"]
[Annotator "NA"]
[PlyCount "47"]
[EventDate "2018.07.06"]
[EventType "swiss"]
[EventCountry "SRB"]
[SourceTitle "playchess.com"]
[Source "ChessBase"]
[SourceQuality "1"]
[TimeControl "5400+30"]

1. d4 Nf6 2. c4 e6 3. Nc3 Bb4 4. e3 O-O 5. Nge2 Re8 6. a3 Bf8 7. Ng3 d5 8. Be2 b6 9. cxd5 exd5 10. O-O Bb7 11. Bf3 g6 12. b4 Ne4 13. Qc2 f5 14. Be2 Bg7 15. Ngxe4 fxe4 16. f3 c5 17. bxc5 bxc5 18. dxc5 Qa5 19. Rb1 Bc6 20. Nb5 a6 21. Bd2 Qd8 22. Nd6 Re7 23. fxe4 dxe4 24. Bc4+ 1-0

[Event "XI Paracin Festival 2018"]
[Site "Paracin"]
[Date "2018.07.10"]
[Round "5"]
[White "Kathmale, Sameer"]
[Black "Harsha Bharathakoti"]
[Result "1-0"]
[ECO "C11"]
[WhiteElo "2323"]
[BlackElo "2465"]
[Annotator "ChessBase"]
[PlyCount "69"]
[EventDate "2018.07.06"]
[EventType "swiss"]
[EventCountry "SRB"]
[SourceTitle "playchess.com"]
[Source "ChessBase"]
[SourceQuality "1"]
[TimeControl "5400+30"]

1. e4 e6 2. d4 d5 3. Nc3 Nf6 4. e5 Nfd7 5. Nce2 c5 6. c3 Nc6 7. Nf3 Qa5 8. a3 cxd4 9. b4 Qc7 10. cxd4 b5 11. Nf4 a5 12. Bxb5 axb4 13. O-O Qb6 14. Ba4 Ba6 15. Re1 bxa3 16. Nxd5 exd5 17. e6 Nf6 18. exf7+ Kd8 19. Bg5 Bb4 20. Re6 Bb5 21. Bxb5 Qxb5 22. Ne5 Ne7 23. Qb3 Qa4 24. Qh3 Rf8 25. Bxf6 gxf6 26. Rxf6 Kc7 27. Rc1+ Kb7 28. Rfc6 Nxc6 29. Qd7+ Kb6 30. Rxc6+ Qxc6 31. Qxc6+ Ka5 32. Qxd5+ Ka4 33. Qc6+ Kb3 34. Qc4+ Ka4 35. Nd3 1-0

[Event "XI Paracin Festival 2018"]
[Site "Paracin"]
[Date "2018.07.10"]
[Round "5"]
[White "Cerovic, Danilo"]
[Black "Ivic, Velimir"]
[Result "0-1"]
[ECO "E66"]
[WhiteElo "2294"]
[BlackElo "2432"]
[Annotator "NA"]
[PlyCount "60"]
[EventDate "2018.07.06"]
[EventType "swiss"]
[EventCountry "SRB"]
[SourceTitle "playchess.com"]
[Source "ChessBase"]
[SourceQuality "1"]
[TimeControl "5400+30"]

1. Nf3 Nf6 2. g3 g6 3. Bg2 Bg7 4. O-O O-O 5. c4 d6 6. d4 c5 7. Nc3 Nc6 8. d5 Na5 9. Nd2 a6 10. Qc2 Bd7 11. b3 b5 12. Bb2 Rb8 13. Rab1 e5 14. dxe6 Bxe6 15. Nce4 Nxe4 16. Nxe4 Bxb2 17. Rxb2 bxc4 18. Qc3 f5 19. Nxd6 Qxd6 20. Qxa5 cxb3 21. axb3 Rxb3 22. Rxb3 Bxb3 23. Rc1 Rc8 24. Qa1 c4 25. Qa5 Rc5 26. Qc3 a5 27. Re1 Qe5 28. Qc1 c3 29. e4 c2 30. exf5 Qxe1+ 0-1

[Event "XI Paracin Festival 2018"]
[Site "Paracin"]
[Date "2018.07.10"]
[Round "5"]
[White "Cvetkovic, Nemanja"]
[Black "Lajthajm, Borko"]
[Result "0-1"]
[ECO "E16"]
[WhiteElo "2278"]
[BlackElo "2422"]
[Annotator "NA"]
[PlyCount "104"]
[EventDate "2018.07.06"]
[EventType "swiss"]
[EventCountry "SRB"]
[SourceTitle "playchess.com"]
[Source "ChessBase"]
[SourceQuality "1"]
[TimeControl "5400+30"]

1. d4 Nf6 2. c4 e6 3. Nf3 b6 4. g3 Bb7 5. Bg2 Bb4+ 6. Nbd2 O-O 7. O-O a5 8. Qc2 Bxd2 9. Qxd2 Be4 10. Bh3 a4 11. Nh4 h6 12. f3 Bh7 13. e4 d6 14. Qe2 Re8 15. Be3 Nc6 16. d5 Ne5 17. Ng2 Ned7 18. Rad1 Qe7 19. Rd3 Ra5 20. Ra3 Rb8 21. Qc2 Rba8 22. Qc3 Nf8 23. b4 axb3 24. Rxa5 Rxa5 25. axb3 N6d7 26. Ra1 Rxa1+ 27. Qxa1 Ne5 28. Ne1 exd5 29. cxd5 f5 30. Qd4 fxe4 31. fxe4 Ned7 32. Nd3 Qxe4 33. Qxe4 Bxe4 34. Nb4 Nf6 35. Bf1 N8d7 36. Na6 Nxd5 37. Bc4 c6 38. Bf4 Ne5 39. Bxe5 dxe5 40. Nb4 b5 41. Nxc6 bxc4 42. bxc4 Nf6 43. Nxe5 Bf5 44. Kg2 Be6 45. Kf3 Nd7 46. Nd3 Bxc4 47. Nf2 Kf7 48. h4 Ne5+ 49. Ke4 Ke6 50. Nh3 Bd5+ 51. Kd4 Bf3 52. Nf4+ Kf5 0-1

[Event "XI Paracin Festival 2018"]
[Site "Paracin"]
[Date "2018.07.10"]
[Round "5"]
[White "Popovic, Milan S"]
[Black "Martic, Ivan"]
[Result "1/2-1/2"]
[ECO "A48"]
[WhiteElo "2264"]
[BlackElo "2375"]
[Annotator "NA"]
[PlyCount "43"]
[EventDate "2018.07.06"]
[EventType "swiss"]
[EventCountry "SRB"]
[SourceTitle "playchess.com"]
[Source "ChessBase"]
[SourceQuality "1"]
[TimeControl "5400+30"]

1. d4 Nf6 2. Nf3 g6 3. Bg5 Bg7 4. Nbd2 O-O 5. c3 d6 6. e4 c5 7. dxc5 dxc5 8. Be2 Nc6 9. O-O Qc7 10. Re1 Rd8 11. Qc2 h6 12. Be3 Ng4 13. Bxc5 Nce5 14. Nxe5 Bxe5 15. h3 Bh2+ 16. Kf1 Qxc5 17. Bxg4 Bxg4 18. hxg4 Bf4 19. Nf3 Qc8 20. g3 Qxg4 21. Kg2 Bc7 22. Qd1 1/2-1/2

[Event "XI Paracin Festival 2018"]
[Site "Paracin"]
[Date "2018.07.10"]
[Round "5"]
[White "Uzumcu, Ahmet Utku"]
[Black "Atakisi, Umut"]
[Result "1/2-1/2"]
[ECO "B35"]
[WhiteElo "2261"]
[BlackElo "2390"]
[Annotator "NA"]
[PlyCount "77"]
[EventDate "2018.07.06"]
[EventType "swiss"]
[EventCountry "SRB"]
[SourceTitle "playchess.com"]
[Source "ChessBase"]
[SourceQuality "1"]
[TimeControl "5400+30"]

1. e4 c5 2. Nf3 Nc6 3. d4 cxd4 4. Nxd4 g6 5. Nc3 Bg7 6. Be3 Nf6 7. Bc4 O-O 8. Bb3 d6 9. f3 Bd7 10. Qd2 Nxd4 11. Bxd4 b5 12. a4 b4 13. Nd5 Nxd5 14. Bxg7 Kxg7 15. exd5 Qa5 16. O-O Qc5+ 17. Kh1 e5 18. dxe6 Bxe6 19. Rad1 Rfe8 20. h3 Bxb3 21. cxb3 Re6 22. Rfe1 Rae8 23. Rxe6 Rxe6 24. Qd4+ Qxd4 25. Rxd4 Re2 26. Rxd6 Rxb2 27. Ra6 Rxb3 28. Rxa7 Ra3 29. a5 Kf6 30. Rb7 b3 31. Rb5 h5 32. a6 h4 33. a7 Rxa7 34. Rxb3 Ra4 35. Rb5 Kg7 36. Kg1 f5 37. Rb6 Kh6 38. Kf2 Kg5 39. Rc6 1/2-1/2

[Event "XI Paracin Festival 2018"]
[Site "Paracin"]
[Date "2018.07.10"]
[Round "5"]
[White "Ivic, Matija"]
[Black "Brankovic, Dejan"]
[Result "1/2-1/2"]
[ECO "A05"]
[WhiteElo "2245"]
[BlackElo "2377"]
[Annotator "NA"]
[PlyCount "40"]
[EventDate "2018.07.06"]
[EventType "swiss"]
[EventCountry "SRB"]
[SourceTitle "playchess.com"]
[Source "ChessBase"]
[SourceQuality "1"]
[TimeControl "5400+30"]

1. Nf3 Nf6 2. b3 g6 3. Bb2 Bg7 4. c4 O-O 5. g3 d6 6. Bg2 c6 7. O-O Qa5 8. h3 b5 9. d3 Bb7 10. Qd2 Qxd2 11. Nbxd2 bxc4 12. bxc4 Nbd7 13. Rab1 Rab8 14. Nd4 Rfc8 15. Ba3 Ne8 16. e3 Bxd4 17. exd4 Ba8 18. Nb3 Rb6 19. Rfe1 e6 20. Nd2 Rcb8 1/2-1/2

[Event "XI Paracin Festival 2018"]
[Site "Paracin"]
[Date "2018.07.10"]
[Round "5"]
[White "Olson, Hamish"]
[Black "Nestorovic, Dejan"]
[Result "0-1"]
[ECO "B22"]
[WhiteElo "2229"]
[BlackElo "2341"]
[Annotator "NA"]
[PlyCount "80"]
[EventDate "2018.07.06"]
[EventType "swiss"]
[EventCountry "SRB"]
[SourceTitle "playchess.com"]
[Source "ChessBase"]
[SourceQuality "1"]
[TimeControl "5400+30"]

1. e4 c5 2. c3 Nf6 3. d3 Nc6 4. Nf3 d6 5. Be2 g6 6. O-O Bg7 7. Re1 O-O 8. Nbd2 Bg4 9. h3 Bxf3 10. Nxf3 Rc8 11. Bf1 Nd7 12. Be3 b5 13. a3 a5 14. a4 b4 15. Rc1 Nb6 16. d4 bxc3 17. bxc3 cxd4 18. cxd4 Nb4 19. Qb3 Nd7 20. Bc4 e6 21. Bd2 Nc6 22. Qe3 Ndb8 23. d5 exd5 24. Bxd5 Nb4 25. Rxc8 Qxc8 26. Rc1 Qd7 27. Qb3 N8a6 28. Be3 Bf6 29. Nd2 Rb8 30. Bc4 Nc5 31. Bxc5 dxc5 32. Nf3 Nc6 33. Bb5 Nd4 34. Nxd4 Bxd4 35. Qd5 Qe7 36. Rf1 Kg7 37. g3 Rd8 38. Qc6 Rd6 39. Qa8 Re6 40. Bc6 Qd6 0-1

[Event "XI Paracin Festival 2018"]
[Site "Paracin"]
[Date "2018.07.10"]
[Round "5"]
[White "Parnali, S Dharia"]
[Black "Budisavljevic, Luka"]
[Result "1/2-1/2"]
[ECO "A50"]
[WhiteElo "2170"]
[BlackElo "2324"]
[Annotator "NA"]
[PlyCount "76"]
[EventDate "2018.07.06"]
[EventType "swiss"]
[EventCountry "SRB"]
[SourceTitle "playchess.com"]
[Source "ChessBase"]
[SourceQuality "1"]
[TimeControl "5400+30"]

1. d4 Nf6 2. c4 a6 3. Nc3 c5 4. d5 b5 5. Nf3 b4 6. Nb1 d6 7. Bg5 Ne4 8. Bf4 e5 9. dxe6 fxe6 10. e3 Be7 11. Bd3 Nf6 12. Nbd2 Nc6 13. Qc2 Rb8 14. b3 a5 15. Ng5 Nh5 16. Be4 Nd4 17. exd4 Nxf4 18. Nxh7 cxd4 19. g3 d3 20. Qd1 Bb7 21. gxf4 Rxh7 22. Bxh7 Bxh1 23. Qh5+ Kd7 24. Bxd3 Qb6 25. Ke2 Bc6 26. Nf3 Rf8 27. f5 Qc5 28. Qg6 Bxf3+ 29. Kxf3 Rf6 30. Qg4 exf5 31. Qf4 Qe5 32. Rd1 Kc6 33. h4 Rf8 34. h5 Rf6 35. Rg1 Rf7 36. Rd1 Kc5 37. Qe3+ Qxe3+ 38. fxe3 Bg5 1/2-1/2

[Event "XI Paracin Festival 2018"]
[Site "Paracin"]
[Date "2018.07.10"]
[Round "5"]
[White "Uuriintuya, Uurtsaikh"]
[Black "Konaplev, Anton"]
[Result "1/2-1/2"]
[ECO "C07"]
[WhiteElo "2158"]
[BlackElo "2316"]
[Annotator "ChessBase"]
[PlyCount "101"]
[EventDate "2018.07.06"]
[EventType "swiss"]
[EventCountry "SRB"]
[SourceTitle "playchess.com"]
[Source "ChessBase"]
[SourceQuality "1"]
[TimeControl "5400+30"]

1. e4 e6 2. d4 d5 3. Nd2 c5 4. Ngf3 Nf6 5. exd5 exd5 6. Bb5+ Bd7 7. Bxd7+ Nbxd7 8. dxc5 Qe7+ 9. Qe2 Qxe2+ 10. Kxe2 Bxc5 11. Nb3 Bb6 12. Re1 O-O 13. Bf4 Ne4 14. Nfd4 Rac8 15. f3 Nec5 16. Kd2 Nxb3+ 17. Nxb3 Rfe8 18. Rad1 Nf8 19. c3 Ne6 20. Be3 Bxe3+ 21. Rxe3 Kf8 22. g3 Nc7 23. Rde1 Rxe3 24. Rxe3 Ne6 25. f4 g6 26. Kd3 Ke7 27. Nd4 Kd6 28. Nxe6 fxe6 29. Re5 b5 30. h4 a5 31. Kd4 Rc4+ 32. Kd3 Rc7 33. b3 a4 34. Kd4 axb3 35. axb3 Ra7 36. h5 Ra1 37. hxg6 hxg6 38. Rg5 Rd1+ 39. Ke3 b4 40. cxb4 Rb1 41. Rxg6 Rxb3+ 42. Kd2 Ke7 43. Kc2 Rxb4 44. Kd3 Kf7 45. Rg5 Kf6 46. Rg8 Kf7 47. Rg5 Re4 48. Rh5 Re1 49. Kd4 Rg1 50. f5 Rxg3 51. fxe6+ 1/2-1/2

[Event "XI Paracin Festival 2018"]
[Site "Paracin"]
[Date "2018.07.10"]
[Round "5"]
[White "Bojicic, Andjela"]
[Black "Djordjevic, Vuk"]
[Result "0-1"]
[ECO "E21"]
[WhiteElo "2028"]
[BlackElo "2403"]
[Annotator "ChessBase"]
[PlyCount "186"]
[EventDate "2018.07.06"]
[EventType "swiss"]
[EventCountry "SRB"]
[SourceTitle "playchess.com"]
[Source "ChessBase"]
[SourceQuality "1"]
[TimeControl "5400+30"]

1. d4 Nf6 2. c4 e6 3. Nc3 Bb4 4. Nf3 O-O 5. Bg5 d5 6. cxd5 exd5 7. e3 c5 8. dxc5 Nbd7 9. Bxf6 Nxf6 10. Bd3 Bg4 11. O-O Bxc3 12. bxc3 Qa5 13. Be2 Qxc5 14. Rb1 b6 15. Qd4 Rac8 16. Rfc1 Qe7 17. c4 Qa3 18. Ra1 Rc5 19. Re1 Bxf3 20. gxf3 Rfc8 21. cxd5 Rxd5 22. Qf4 h6 23. Bc4 Rg5+ 24. Kh1 b5 25. Bb3 Qb2 26. Rf1 a5 27. Rab1 Qe5 28. Qxe5 Rxe5 29. Bd1 Rc3 30. Be2 b4 31. Bd1 Kf8 32. Bb3 Ke7 33. Rfd1 Rec5 34. Kg2 Rc7 35. Kf1 Ra7 36. Rdc1 Rxc1+ 37. Rxc1 a4 38. Bc4 Rc7 39. Ke2 b3 40. axb3 axb3 41. Kd3 Nd7 42. Kc3 Ne5 43. Kxb3 Nxf3 44. Rd1 Ng5 45. Rd4 Nf3 46. Rd1 g6 47. Be2 Ng5 48. Rd4 Ne6 49. Rc4 Ra7 50. Rc1 Ng5 51. Kc2 Ne4 52. f3 Nd6 53. Kd2 Ra5 54. Ke1 Rh5 55. Rc7+ Kd8 56. Ra7 Rxh2 57. e4 f6 58. Kf1 g5 59. Bd3 Rd2 60. Be2 h5 61. Kf2 Ke8 62. Ke3 Rb2 63. Rh7 h4 64. Rh6 Kf7 65. Rh8 Kg7 66. Rd8 Nf7 67. Rd2 Rb3+ 68. Kf2 Ne5 69. Ra2 Rb7 70. Kg2 Rc7 71. Kf2 Ng6 72. Kg2 Nf4+ 73. Kf2 Kg6 74. Bb5 Kf7 75. Rd2 Ke7 76. Be2 Rc5 77. Ra2 Ke6 78. Rd2 Ke5 79. Ra2 Nh5 80. Rb2 Kf4 81. Rb5 Re5 82. Rb6 Rc5 83. Rb5 Re5 84. Rb6 Ra5 85. Rb5 Rxb5 86. Bxb5 Ke5 87. Bd7 Ng7 88. Ke3 Ne6 89. Kf2 Nc5 90. Bf5 Kf4 91. Kg2 Nd3 92. Bg4 Ke3 93. Kf1 Ne5 0-1

[Event "XI Paracin Festival 2018"]
[Site "Paracin"]
[Date "2018.07.10"]
[Round "6"]
[White "Perunovic, Milos"]
[Black "Kathmale, Sameer"]
[Result "1-0"]
[ECO "B12"]
[WhiteElo "2596"]
[BlackElo "2323"]
[Annotator "ChessBase"]
[PlyCount "57"]
[EventDate "2018.07.06"]
[EventType "swiss"]
[EventCountry "SRB"]
[SourceTitle "playchess.com"]
[Source "ChessBase"]
[SourceQuality "1"]
[TimeControl "5400+30"]

1. e4 c6 2. d4 d5 3. e5 Bf5 4. h4 h5 5. c4 e6 6. Nc3 Ne7 7. Nge2 Nd7 8. Ng3 Bg6 9. cxd5 Nxd5 10. Be2 Qa5 11. Bd2 Qb6 12. Nxd5 cxd5 13. Bc3 Be7 14. a4 a5 15. Nxh5 Bxh5 16. Bxh5 g6 17. Be2 Rxh4 18. Rxh4 Bxh4 19. Bb5 Qd8 20. Qf3 Be7 21. Ke2 Bf8 22. Rh1 Bg7 23. Bd2 Qe7 24. Rh7 Qf8 25. Bh6 Bxh6 26. Bxd7+ Kd8 27. Rxf7 Qb4 28. Qf6+ Kc7 29. Bc6+ 1-0

[Event "XI Paracin Festival 2018"]
[Site "Paracin"]
[Date "2018.07.10"]
[Round "6"]
[White "Atalik, Suat"]
[Black "Raja Rithvik R"]
[Result "1/2-1/2"]
[ECO "D30"]
[WhiteElo "2509"]
[BlackElo "2343"]
[Annotator "ChessBase"]
[PlyCount "42"]
[EventDate "2018.07.06"]
[EventType "swiss"]
[EventCountry "SRB"]
[SourceTitle "playchess.com"]
[Source "ChessBase"]
[SourceQuality "1"]
[TimeControl "5400+30"]

1. d4 d5 2. c4 e6 3. Nf3 a6 4. e3 Nf6 5. Nc3 b6 6. Qa4+ c6 7. Qc2 Bb7 8. a3 Nbd7 9. cxd5 cxd5 10. Bd3 Bd6 11. O-O O-O 12. Bd2 h6 13. Rac1 Rc8 14. Qb1 Qe7 15. Ne2 b5 16. Ba5 Ne4 17. Rxc8 Rxc8 18. Rc1 Qe8 19. Rxc8 Qxc8 20. Qc2 Qxc2 21. Bxc2 Kf8 1/2-1/2

[Event "XI Paracin Festival 2018"]
[Site "Paracin"]
[Date "2018.07.10"]
[Round "6"]
[White "Lorparizangeneh, Shahin"]
[Black "Ikeda, Junta"]
[Result "1-0"]
[ECO "A80"]
[WhiteElo "2493"]
[BlackElo "2437"]
[Annotator "ChessBase"]
[PlyCount "77"]
[EventDate "2018.07.06"]
[EventType "swiss"]
[EventCountry "SRB"]
[SourceTitle "playchess.com"]
[Source "ChessBase"]
[SourceQuality "1"]
[TimeControl "5400+30"]

1. d4 f5 2. Bg5 h6 3. Bh4 g5 4. e3 Nf6 5. Bg3 d6 6. h4 Rg8 7. hxg5 hxg5 8. Nc3 e6 9. Qd2 Qe7 10. O-O-O Nc6 11. f3 Bd7 12. e4 fxe4 13. fxe4 O-O-O 14. d5 exd5 15. exd5 Ne5 16. Qd4 Kb8 17. Nb5 Bxb5 18. Bxb5 Bg7 19. Nh3 Nfd7 20. Kb1 a6 21. Be2 Nf3 22. Qf2 Nd4 23. Bg4 Rdf8 24. Qe1 Qd8 25. Bf2 Nf5 26. Rf1 Re8 27. Qd2 Qf6 28. c3 Rgf8 29. Bd4 Nxd4 30. Rxf6 Nxf6 31. Qxg5 Nxg4 32. Qxg7 Nf5 33. Qxg4 Ne3 34. Qe2 Nxd1 35. Qxd1 Re3 36. a4 Rfe8 37. Ka2 Re2 38. Nf4 Rf2 39. Qd4 1-0

[Event "XI Paracin Festival 2018"]
[Site "Paracin"]
[Date "2018.07.10"]
[Round "6"]
[White "Petrov, Martin"]
[Black "Kadric, Denis"]
[Result "1/2-1/2"]
[ECO "B00"]
[WhiteElo "2441"]
[BlackElo "2522"]
[Annotator "ChessBase"]
[PlyCount "51"]
[EventDate "2018.07.06"]
[EventType "swiss"]
[EventCountry "SRB"]
[SourceTitle "playchess.com"]
[Source "ChessBase"]
[SourceQuality "1"]
[TimeControl "5400+30"]

1. e4 Nc6 2. Nc3 Nf6 3. d4 d6 4. f3 e5 5. Nge2 exd4 6. Nxd4 Be7 7. Bb5 Bd7 8. O-O O-O 9. Nxc6 bxc6 10. Bc4 Qb8 11. Kh1 a5 12. a4 Bc8 13. Ne2 Nd7 14. Nd4 Qb7 15. Nf5 Bf6 16. g4 Nb6 17. Bd3 Bxf5 18. gxf5 c5 19. c4 Nd7 20. Rb1 Ne5 21. Rg1 Ra6 22. b3 Rb6 23. Bb2 Rb8 24. Bc2 Kf8 25. Bxe5 Bxe5 26. Qe1 1/2-1/2

[Event "XI Paracin Festival 2018"]
[Site "Paracin"]
[Date "2018.07.10"]
[Round "6"]
[White "Lajthajm, Borko"]
[Black "Marjanovic, Annamaria"]
[Result "0-1"]
[ECO "A06"]
[WhiteElo "2422"]
[BlackElo "2325"]
[Annotator "NA"]
[PlyCount "88"]
[EventDate "2018.07.06"]
[EventType "swiss"]
[EventCountry "SRB"]
[SourceTitle "playchess.com"]
[Source "ChessBase"]
[SourceQuality "1"]
[TimeControl "5400+30"]

1. Nf3 d5 2. g3 Bg4 3. Bg2 Nd7 4. c4 e6 5. cxd5 exd5 6. Qa4 Ngf6 7. Nc3 c6 8. d4 Bd6 9. Nh4 Nb6 10. Qc2 Qd7 11. O-O O-O 12. Bg5 Be7 13. Rad1 h6 14. Bc1 Ne8 15. Nf3 Bf5 16. Qb3 Nd6 17. Ne5 Qc7 18. g4 Bh7 19. Bf4 Qc8 20. f3 Kh8 21. a4 Bg5 22. Bxg5 hxg5 23. e4 f6 24. Nd3 dxe4 25. Nxe4 Bg8 26. Qb4 Nxe4 27. fxe4 Qxg4 28. Rf3 Bf7 29. b3 Rad8 30. Rd2 Kg8 31. Rg3 Qe6 32. Nc5 Qd6 33. Bh3 Nd7 34. Bxd7 Rxd7 35. a5 Re7 36. Re3 Rd8 37. Rdd3 Rde8 38. Qe1 Bg6 39. Qb4 Bxe4 40. Rd1 Bd5 41. Rg3 b6 42. axb6 axb6 43. Nd3 Qe6 44. Re1 Qxe1+ 0-1

[Event "XI Paracin Festival 2018"]
[Site "Paracin"]
[Date "2018.07.10"]
[Round "6"]
[White "Djordjevic, Vuk"]
[Black "Bratkovic, Jakob"]
[Result "1/2-1/2"]
[ECO "B30"]
[WhiteElo "2403"]
[BlackElo "2253"]
[Annotator "NA"]
[PlyCount "107"]
[EventDate "2018.07.06"]
[EventType "swiss"]
[EventCountry "SRB"]
[SourceTitle "playchess.com"]
[Source "ChessBase"]
[SourceQuality "1"]
[TimeControl "5400+30"]

1. e4 c5 2. Nf3 Nc6 3. Bb5 d6 4. O-O Bd7 5. Re1 a6 6. Bf1 Bg4 7. c3 e5 8. h3 Bxf3 9. Qxf3 Be7 10. Na3 Nf6 11. Nc4 O-O 12. Ne3 Re8 13. a4 Na5 14. Ra3 Bf8 15. Nd5 Nxd5 16. exd5 c4 17. d3 Qc7 18. dxc4 Nxc4 19. Ra2 g6 20. b3 Nb6 21. a5 Nd7 22. c4 f5 23. b4 e4 24. Qg3 Ne5 25. Kh1 Nd3 26. Rd1 Qxc4 27. Rad2 Qxb4 28. Bxd3 exd3 29. Qxd3 Qxa5 30. Bb2 Bg7 31. Ba3 Be5 32. Qb3 Bf4 33. Bb4 Qb5 34. Rd3 Re4 35. Ba3 Qd7 36. Qb6 Rae8 37. g3 Re1+ 38. Rxe1 Rxe1+ 39. Kg2 Be5 40. Bb4 Rb1 41. Qa5 b5 42. Bd2 Qc8 43. Bg5 b4 44. Qb6 a5 45. Rd2 b3 46. f4 Bc3 47. Re2 a4 48. Qb5 Re1 49. Re6 Qa8 50. Kh2 Rxe6 51. dxe6 b2 52. Qd7 Qh1+ 53. Kxh1 b1=Q+ 54. Kh2 1/2-1/2

[Event "XI Paracin Festival 2018"]
[Site "Paracin"]
[Date "2018.07.10"]
[Round "6"]
[White "McPhillips, Joseph"]
[Black "Uzumcu, Ahmet Utku"]
[Result "1-0"]
[ECO "A00"]
[WhiteElo "2402"]
[BlackElo "2261"]
[Annotator "NA"]
[PlyCount "77"]
[EventDate "2018.07.06"]
[EventType "swiss"]
[EventCountry "SRB"]
[SourceTitle "playchess.com"]
[Source "ChessBase"]
[SourceQuality "1"]
[TimeControl "5400+30"]

1. b4 Nf6 2. Bb2 e6 3. a3 d5 4. e3 c6 5. f4 Nbd7 6. Nf3 Bd6 7. c4 O-O 8. Be2 a5 9. b5 Re8 10. O-O c5 11. Ne5 Nb6 12. d3 Nfd7 13. Nd2 f6 14. Nef3 d4 15. Ne4 Qc7 16. Nxd6 Qxd6 17. exd4 Qxf4 18. dxc5 Nxc5 19. Kh1 Qc7 20. Rc1 e5 21. d4 exd4 22. Nxd4 Bd7 23. Bh5 Rf8 24. Ba1 Rad8 25. Qe2 Bc8 26. Rce1 a4 27. Bc3 Rd6 28. Rf3 Be6 29. Rg3 Bxc4 30. Qc2 Bd3 31. Rxd3 Nxd3 32. Qxd3 Qc4 33. Qxc4+ Nxc4 34. Bb4 Rxd4 35. Bxf8 g6 36. Bc5 Rd5 37. Be2 Ne5 38. Bb4 Kf7 39. h3 1-0

[Event "XI Paracin Festival 2018"]
[Site "Paracin"]
[Date "2018.07.10"]
[Round "6"]
[White "Rahul Srivatshav P"]
[Black "Savic, Miodrag R"]
[Result "0-1"]
[ECO "A40"]
[WhiteElo "2397"]
[BlackElo "2541"]
[Annotator "ChessBase"]
[PlyCount "74"]
[EventDate "2018.07.06"]
[EventType "swiss"]
[EventCountry "SRB"]
[SourceTitle "playchess.com"]
[Source "ChessBase"]
[SourceQuality "1"]
[TimeControl "5400+30"]

1. d4 Nf6 2. c4 e6 3. g3 Nc6 4. Bg2 Bb4+ 5. Bd2 a5 6. Nf3 d5 7. Qc2 O-O 8. O-O h6 9. a3 Be7 10. e3 Ne4 11. Nc3 Nxc3 12. Qxc3 a4 13. Rac1 Bd7 14. cxd5 exd5 15. Ne1 Na5 16. Qxc7 Nb3 17. Qxd8 Rfxd8 18. Rd1 Bb5 19. Bc3 Bxf1 20. Kxf1 Rac8 21. Nc2 f5 22. Ke2 Kf7 23. f4 Ke6 24. Kf3 Rd6 25. Bf1 Rb6 26. Bd3 g5 27. h3 h5 28. Rh1 Rg8 29. Rg1 g4+ 30. hxg4 hxg4+ 31. Kg2 Rh8 32. Rd1 Rh5 33. Rb1 Kf7 34. Rh1 Rxh1 35. Kxh1 Ke6 36. Bb4 Nc1 37. Bf1 Na2 0-1

[Event "XI Paracin Festival 2018"]
[Site "Paracin"]
[Date "2018.07.10"]
[Round "6"]
[White "Atakisi, Umut"]
[Black "Ivic, Matija"]
[Result "1/2-1/2"]
[ECO "B27"]
[WhiteElo "2390"]
[BlackElo "2245"]
[Annotator "NA"]
[PlyCount "58"]
[EventDate "2018.07.06"]
[EventType "swiss"]
[EventCountry "SRB"]
[SourceTitle "playchess.com"]
[Source "ChessBase"]
[SourceQuality "1"]
[TimeControl "5400+30"]

1. e4 c5 2. Nf3 g6 3. d4 cxd4 4. Qxd4 Nf6 5. Nc3 Nc6 6. Qa4 d6 7. e5 dxe5 8. Nxe5 Bg7 9. Bb5 O-O 10. Nxc6 bxc6 11. Bxc6 Rb8 12. O-O Qc7 13. Bf4 e5 14. Bg5 Rxb2 15. Bxf6 Bxf6 16. Nd5 Qd6 17. Nxf6+ Qxf6 18. Bd5 Qa6 19. Qxa6 Bxa6 20. Rfe1 Rxc2 21. Rxe5 Rfc8 22. Bb3 Rc1+ 23. Re1 Rxa1 24. Rxa1 Rc3 25. h3 Bc4 26. Rb1 Bxb3 27. axb3 a5 28. Ra1 Rxb3 29. Rxa5 Kg7 1/2-1/2

[Event "XI Paracin Festival 2018"]
[Site "Paracin"]
[Date "2018.07.10"]
[Round "6"]
[White "Brankovic, Dejan"]
[Black "Vujacic, Borivoje"]
[Result "1/2-1/2"]
[ECO "B30"]
[WhiteElo "2377"]
[BlackElo "2213"]
[Annotator "NA"]
[PlyCount "65"]
[EventDate "2018.07.06"]
[EventType "swiss"]
[EventCountry "SRB"]
[SourceTitle "playchess.com"]
[Source "ChessBase"]
[SourceQuality "1"]
[TimeControl "5400+30"]

1. e4 c5 2. Nf3 Nc6 3. Bb5 d6 4. O-O Bd7 5. Re1 a6 6. Bxc6 Bxc6 7. d4 cxd4 8. Qxd4 e5 9. Qd3 h6 10. c4 Nf6 11. Nc3 Be7 12. Nh4 Bd7 13. b3 O-O 14. Nf5 Bxf5 15. exf5 Qd7 16. a4 Rfe8 17. Bb2 Bd8 18. a5 Rc8 19. h3 Rc6 20. g4 b6 21. Nd5 Nxd5 22. Qxd5 Rc5 23. Qd3 b5 24. Ba3 bxc4 25. bxc4 Rc6 26. Qd5 Qc8 27. Rac1 Bg5 28. Rc3 Qc7 29. Re4 Rc8 30. Rd3 Rxc4 31. Bxd6 Rc1+ 32. Kg2 Qc2 33. Rb4 1/2-1/2

[Event "XI Paracin Festival 2018"]
[Site "Paracin"]
[Date "2018.07.10"]
[Round "6"]
[White "Martic, Ivan"]
[Black "Parnali, S Dharia"]
[Result "1/2-1/2"]
[ECO "C44"]
[WhiteElo "2375"]
[BlackElo "2170"]
[Annotator "NA"]
[PlyCount "46"]
[EventDate "2018.07.06"]
[EventType "swiss"]
[EventCountry "SRB"]
[SourceTitle "playchess.com"]
[Source "ChessBase"]
[SourceQuality "1"]
[TimeControl "5400+30"]

1. e4 e5 2. Nf3 Nc6 3. d3 Bc5 4. c3 Nf6 5. Be2 d5 6. Nbd2 Be6 7. b4 Bd6 8. O-O O-O 9. a3 Ne7 10. exd5 Bxd5 11. c4 Bxf3 12. Bxf3 c6 13. Bb2 Nf5 14. g3 Bc7 15. Nb3 Re8 16. Re1 Qd6 17. Qc2 h5 18. Rad1 h4 19. c5 Qd7 20. Qc4 Rad8 21. a4 a6 22. Bg2 hxg3 23. hxg3 Nd5 1/2-1/2